 Dungeon Crawl Stone Soup version 0.28-b1-1-g3c77fb2ed1 (webtiles) character file.

Game seed: 14908952838002512895

63354 nonceun the Severer (level 14, -7/140 HPs)
             Began as a Minotaur Berserker on Jan 31, 2022.
             Was an Elder of Trog.
             Killed from afar by a shock serpent (12 damage)
             ... with a bolt of electricity
             ... on level 1 of the Snake Pit.
             The game lasted 02:15:48 (26477 turns).

nonceun the Severer (Minotaur Berserker)           Turns: 26477, Time: 02:15:49

Health: -7/140     AC: 21    Str: 30    XL:     14   Next: 67%
Magic:  0/13       EV: 11    Int:  6    God:    Trog [****..]
Gold:   1449       SH:  8    Dex: 14    Spells: 13/13 levels left

rFire   . . .      SeeInvis .   a - +2 broad axe (drain)
rCold   + + .      Faith    .   L - +2 buckler
rNeg    . . .      Spirit   +   D - +0 plate armour
rPois   +          Reflect  .   (helmet restricted)
rElec   .          Harm     .   S - +2 cloak
rCorr   .          Rampage  .   T - +0 pair of gloves
Will    +++..                   H - +0 pair of boots "Hazukk" {Fly rC++ Dex+3 Stlth-}
Stlth   ..........              p - amulet of guardian spirit
HPRegen 1.33/turn               G - +6 ring of strength
MPRegen 0.13/turn               B - ring of poison resistance

@: lethally poisoned (-7 -> -8), strong-willed, flying, regenerating
A: horns 2, retaliatory headbutt
a: Renounce Religion, Berserk, Trog's Hand, Brothers in Arms


You were on level 1 of the Snake Pit.
You worshipped Trog.
Trog was greatly pleased with you.
You visited 5 branches of the dungeon, and saw 24 of its levels.
You also visited: Bailey.

You collected 2207 gold pieces.
You spent 758 gold pieces at shops.

Inventory:

Hand Weapons
 a - a +2 broad axe of draining (weapon)
 b - a +0 hand crossbow of chaos
 X - a +5 antimagic battleaxe
Missiles
 N - 77 bolts
Armour
 v - a +2 ring mail of poison resistance
 D - a +0 plate armour (worn)
 H - the +0 pair of boots "Hazukk" (worn) {Fly rC++ Dex+3 Stlth-}
   (You found it on level 9 of the Dungeon)

   Dex:       It affects your dexterity (+3).
   rC:        It greatly protects you from cold.
   Fly:       It grants you flight.
   Stlth:     It makes you less stealthy.
 L - a +2 buckler (worn)
 S - a +2 cloak (worn)
 T - a +0 pair of gloves (worn)
Jewellery
 d - a +6 ring of strength
 k - a ring of positive energy
 p - an amulet of guardian spirit (around neck)
 B - a ring of poison resistance (right hand)
 C - a ring of see invisible
 G - a +6 ring of strength (left hand)
 Q - a +4 ring of protection
Wands
 f - a wand of charming (4)
 x - a wand of iceblast (48)
 y - a wand of flame (33)
 F - a wand of acid (1)
 J - a wand of polymorph (6)
 K - a wand of paralysis (9)
Scrolls
 c - 12 scrolls of teleportation
 e - a scroll of identify
 g - a scroll of silence
 j - a scroll of fog
 o - a scroll of magic mapping
 t - 4 scrolls of immolation
 u - 2 scrolls of vulnerability
 E - a scroll of holy word
 V - 2 scrolls of summoning
 W - 2 scrolls of fear
 Z - a scroll of blinking
Potions
 i - 10 potions of curing
 l - 4 potions of heal wounds
 n - 2 potions of resistance
 q - a potion of might
 w - 2 potions of haste
 z - a potion of invisibility
 A - 4 potions of lignification
 I - 2 potions of mutation
 U - 2 potions of cancellation


   Skills:
 + Level 17.0 Fighting
 - Level 18.0 Axes
 - Level 10.0 Crossbows
 + Level 10.3 Armour
 * Level 7.4 Dodging
 + Level 7.1 Shields
 - Level 6.0 Evocations


You had 13 spell levels left.
You didn't know any spells.
Your spell library contained the following spells:

 Spells                   Type           Power      Damage    Failure   Level
 Beastly Appendage        Tmut           0%         N/A       99%         1
 Blink                    Tloc           0%         N/A       100%        2
 Corpse Rot               Necr/Air       0%         N/A       100%        2
 Ensorcelled Hibernation  Hex/Ice        0%         N/A       100%        2
 Poisonous Vapours        Pois/Air       0%         N/A       100%        2
 Wereblood                Tmut           0%         N/A       100%        2
 Conjure Flame            Conj/Fire      0%         6-21      100%        3
 Gell's Gravitas          Tloc           0%         N/A       100%        3
 Ignite Poison            Fire/Tmut/Pois 0%         N/A       100%        3
 Lesser Beckoning         Tloc           0%         N/A       100%        3
 Ozocubu's Armour         Ice            0%         N/A       100%        3
 Spider Form              Tmut/Pois      0%         N/A       100%        3
 Summon Guardian Golem    Hex/Summ       0%         N/A       100%        3
 Teleport Other           Tloc           0%         N/A       100%        3
 Anguish                  Hex/Necr       0%         N/A       100%        4
 Dispel Undead            Necr           0%         3d6       100%        4
 Fulminant Prism          Conj/Hex       0%         3d6       100%        4
 Iskenderun's Mystic Bla  Conj/Tloc      0%         2d3       100%        4
 Sticky Flame             Conj/Fire      0%         2d3       100%        4
 Blade Hands              Tmut           0%         N/A       100%        5
 Fireball                 Conj/Fire      0%         3d3       100%        5
 Irradiate                Conj/Tmut      0%         3d13      100%        5
 Lee's Rapid Deconstruct  Erth           0%         3d5*      100%        5
 Manifold Assault         Tloc           0%         N/A       100%        5
 Death Channel            Necr           0%         N/A       100%        6
 Starburst                Conj/Fire      0%         6d3       100%        6
 Dragon Form              Tmut           0%         N/A       100%        7
 Orb of Destruction       Conj           0%         9d5       100%        7
 Ozocubu's Refrigeration  Ice            0%         4d5       100%        7
 Spellforged Servitor     Conj/Summ      0%         N/A       100%        7
 Borgnjor's Revivificati  Necr           0%         N/A       100%        8
 Ignition                 Fire           0%         3d3       100%        8
 Necromutation            Tmut/Necr      0%         N/A       100%        8
 Death's Door             Necr           0%         N/A       100%        9


Dungeon Overview and Level Annotations

Branches:
Dungeon (13/15)            Temple (0/1) D:7            Lair (6/6) D:9
  Swamp (3/4) Lair:4        Snake (1/4) Lair:4        Slime (0/5) Lair:6
    Orc (1/2) D:11         Bailey (visited)
 Vaults: D:13-14

Altars:
Nemelex Xobeh

Shops:
D:5 *(*(   D:11 *:=(*   D:12 (

Annotations:
D:6 3 runed translucent doors, DemonSlayer's ghost, novice DECj
D:11 !boulder beetle
D:12 exclusion: orange crystal statue
D:13 !nessos, Nessos
Lair:2 2 transporters, cayde69's ghost, journeyman DrEE
Lair:5 3 runed translucent doors, Qeimiotua's ghost, journeyman MiFi
Swamp:2 !invisible 9-headed hydra?
Swamp:3 !mara, Mara


Innate Abilities, Weirdness & Mutations

You have a pair of horns on your head.
You reflexively headbutt those who attack you in melee.


Message History

The shock serpent's electric aura discharges, shocking you!
You block the black mamba's attack. The shock serpent barely misses you.
You furiously retaliate!
You headbutt the shock serpent.
The shock serpent's electric aura discharges, shocking you!
You block the black mamba's attack.
You hit the shock serpent.
The shock serpent is severely wounded.
You barely miss the black mamba. The shock serpent barely misses you.
The black mamba bites you but does no damage.
You hit the shock serpent.
The shock serpent is severely wounded.
You barely miss the black mamba.
The shock serpent shoots out a bolt of lightning at you!
The bolt of electricity hits you!! The black mamba bites you.
You are poisoned.
The black mamba poisons you!
Your skin crawls.
You feel strong-willed.
You feel very sick.
The black mamba bites you but does no damage.
The shock serpent shoots out a bolt of lightning at you!
The bolt of electricity misses you. The black mamba barely misses you.
You block the shock serpent's attack.
You feel very sick.
The black mamba bites you but does no damage.
The shock serpent barely misses you. You furiously retaliate!
You headbutt the shock serpent!
The shock serpent's electric aura discharges, shocking you!
* * * LOW HITPOINT WARNING * * *
You feel very sick. The black mamba closely misses you.
You furiously retaliate!
You headbutt the black mamba.
You feel very sick.
The shock serpent shoots out a bolt of lightning at you!
The bolt of electricity hits you!!
* * * LOW HITPOINT WARNING * * *
You feel sick.
The shock serpent shoots out a bolt of lightning at you!
The bolt of electricity hits you!
You die...

#...................
#...................
#...................
#...................
#...................
..............##...
..........S...#
..............#
.......@S.....#
###############


You could see a shock serpent (drained) and a black mamba.

Vanquished Creatures
  An eleionoma (Swamp:1)
  Snorg (Lair:4)
  3 hydras
  2 catoblepae (Lair:6)
  A two-headed ogre (D:13)
  2 alligators
  A deep troll shaman (Lair:6)
  Urug (Lair:6)
  3 death yaks (Lair:6)
  Sonja (Lair:1)
  4 goliath frogs
  A spriggan druid (Swamp:1)
  A lindwurm (Lair:6)
  A bog body (Lair:4)
  2 orc knights
  Pikel (D:5)
  2 deep elf pyromancers (D:12)
  2 ugly things
  2 oklob plants
  2 slime creatures (Lair:6)
  3 cyclopes
  5 black mambas
  6 elephants
  A gargoyle (D:13)
  2 torpor snails
  Psyche (D:12)
  2 unseen horrors (D:12)
  2 kobold demonologists (D:11)
  15 cane toads
  5 komodo dragons
  2 rime drakes
  3 tyrant leeches (Swamp:1)
  A polar bear (Lair:6)
  3 hornets (Swamp:1)
  Prince Ribbit (D:5)
  3 trolls
  3 blink frogs (Lair:3)
  13 dream sheep (Lair:6)
  2 shadows
  3 wyverns
  A vampire (D:6)
  32 yaks
  5 spriggans (Swamp:1)
  A fire elemental (Lair:5)
  2 wraiths
  Grum (D:5)
  3 basilisks
  2 steam dragons
  3 fire bats (Lair:5)
  9 vampire mosquitoes
  2 nagas (Lair:4)
  6 swamp worms
  Edmund (D:4)
  Duvessa (D:4)
  2 wargs (Orc:1)
  An acid dragon (D:10)
  18 water moccasins
  A swamp drake (Swamp:1)
  13 orc warriors
  6 black bears
  2 ice beasts
  9 wolves (Lair:6)
  5 ogres
  11 centaurs
  2 lemures (D:5)
  4 phantoms
  A kobold brigand (D:9)
  5 gnoll sergeants
  Blork the orc (D:4)
  A wyvern zombie (D:7)
  10 bullfrogs
  15 scorpions
  Dowan (D:4)
  2 water moccasin skeletons (D:4)
  17 killer bees
  12 wights
  4 howler monkeys
  Crazy Yiuf (D:4)
  7 centaur zombies
  13 hounds
  2 jellies
  8 orc priests
  A gnoll shaman (D:8)
  A bullfrog skeleton (D:6)
  A centaur skeleton (D:7)
  Ijyb (D:4)
  2 iguanas
  13 orc wizards
  A scorpion zombie (D:5)
  A hell rat (Lair:1)
  3 ogre zombies (D:11)
  2 howler monkey zombies
  29 gnolls
  9 adders
  A white imp (D:6)
  3 worms
  55 orcs
  9 endoplasms
  4 giant cockroaches
  14 goblins
  7 hobgoblins
  12 jackals
  25 kobolds
  3 quokkas
  6 ball pythons
  3 bats
  4 frilled lizards
  A goblin zombie (D:11)
  3 hobgoblin skeletons (D:11)
  2 hobgoblin zombies (D:11)
  An orc skeleton (D:11)
  11 orc zombies (D:11)
  11 rats
  A fire vortex (Lair:5)
593 creatures vanquished.

Vanquished Creatures (collateral kills)
  4 hydras
  A two-headed ogre (D:8)
  A spriggan druid (Swamp:1)
  2 orc knights (Orc:1)
  2 yaks (Lair:5)
  3 orc warriors (Orc:1)
  An ogre (Orc:1)
  2 orc priests (Orc:1)
  2 orcs (Orc:1)
18 creatures vanquished.

Vanquished Creatures (others)
  79 fungi
  105 plants
184 creatures vanquished.

Grand Total: 795 creatures vanquished

Notes
Turn   | Place    | Note
-------+----------+-------------------------------------------
     0 | D:1      | nonceun the Minotaur Berserker began the quest for the Orb.
     0 | D:1      | Reached XP level 1. HP: 19/19 MP: 0/0
   316 | D:1      | Reached skill level 4 in Axes
   485 | D:1      | Reached XP level 2. HP: 24/26 MP: 1/1
   540 | D:1      | You fall into a shaft and drop 1 floor!
   889 | D:2      | Reached skill level 5 in Axes
  1011 | D:1      | Reached XP level 3. HP: 31/31 MP: 2/2
  1522 | D:1      | Reached ** piety under Trog
  1841 | D:2      | Reached skill level 6 in Axes
  1841 | D:2      | Reached XP level 4. HP: 21/39 MP: 3/3
  2106 | D:2      | Found a faded altar of an unknown god.
  2913 | D:3      | Reached skill level 7 in Axes
  2913 | D:3      | Reached XP level 5. HP: 42/45 MP: 4/4
  3120 | D:3      | Reached *** piety under Trog
  3781 | D:4      | Reached skill level 8 in Axes
  3943 | D:4      | Noticed Edmund
  3949 | D:4      | Killed Edmund
  3950 | D:4      | Reached XP level 6. HP: 51/51 MP: 3/5
  4009 | D:4      | Noticed Blork the orc
  4021 | D:4      | Killed Blork the orc
  4022 | D:4      | Reached skill level 9 in Axes
  4367 | D:4      | Reached XP level 7. HP: 57/57 MP: 6/6
  4537 | D:4      | Reached skill level 10 in Axes
  4581 | D:4      | Noticed Ijyb
  4592 | D:4      | Killed Ijyb
  4622 | D:4      | Found a runed translucent door.
  4623 | D:4      | Noticed Crazy Yiuf
  4778 | D:4      | Noticed Dowan
  4800 | D:4      | Killed Dowan
  4861 | D:4      | Noticed Duvessa
  4878 | D:4      | Killed Duvessa
  5296 | D:5      | Entered Level 5 of the Dungeon
  5312 | D:5      | Noticed Prince Ribbit
  5391 | D:5      | Reached skill level 11 in Axes
  5478 | D:5      | Found Wotatev's Assorted Antiques.
  5519 | D:5      | Bought a scroll labelled QONAXZ USHOA for 26 gold pieces
  5519 | D:5      | Bought a scroll labelled HASIJY KIY for 26 gold pieces
  5538 | D:5      | Reached XP level 8. HP: 60/64 MP: 7/7
  5549 | D:6      | Reached skill level 12 in Axes
  5857 | D:6      | Reached skill level 13 in Axes
  6124 | D:6      | Found a runed translucent gate.
  6124 | D:6      | Found a runed translucent gate.
  6124 | D:6      | Found a runed translucent gate.
  6126 | D:6      | Noticed DemonSlayer's ghost (novice DECj)
  6381 | D:7      | Reached skill level 14 in Axes
  6469 | D:7      | Reached **** piety under Trog
  6500 | D:7      | Reached XP level 9. HP: 63/70 MP: 8/8
  6550 | D:7      | Found a flagged portal.
  6561 | Bailey   | Entered a bailey
  6620 | Bailey   | Noticed an orc knight
  6658 | Bailey   | Killed an orc knight
  6659 | Bailey   | Reached skill level 15 in Axes
  7005 | Bailey   | Identified the +3 dagger of Icoep {freeze, rElec Int+9
                  | Dex-4}
  7161 | Bailey   | Reached skill level 16 in Axes
  7283 | Bailey   | Reached skill level 5 in Fighting
  7889 | D:7      | Found a staircase to the Ecumenical Temple.
  8325 | D:8      | Noticed a two-headed ogre
  8338 | D:8      | Killed a two-headed ogre
  8339 | D:8      | Reached XP level 10. HP: 81/81 MP: 7/9
  8816 | D:8      | Reached skill level 17 in Axes
  8843 | D:8      | Found a sparkling altar of Nemelex Xobeh.
  9668 | D:9      | Found a staircase to the Lair.
  9679 | D:9      | Identified the +0 pair of boots "Hazukk" {Fly rC++ Dex+3
                  | Stlth-}
 10773 | D:10     | Entered Level 10 of the Dungeon
 10820 | D:10     | Reached skill level 5 in Armour
 11003 | D:10     | Reached XP level 11. HP: 73/95 MP: 8/10
 11068 | D:10     | Reached skill level 18 in Axes
 11820 | D:11     | Noticed a soul eater
 11824 | D:11     | Found Sifudgho's Jewellery Boutique.
 11834 | D:11     | Noticed a soul eater
 12025 | D:5      | Killed Prince Ribbit
 12026 | D:5      | Reached skill level 10 in Fighting
 12129 | D:5      | Noticed Pikel
 12159 | D:5      | Killed Pikel
 12162 | D:5      | Reached skill level 5 in Dodging
 12175 | D:5      | Bought a bronze wand for 104 gold pieces
 12175 | D:5      | Bought a pair of warped boots for 247 gold pieces
 12175 | D:5      | Identified the +1 pair of boots of Cosah {Fly Str+3 Int-5}
                  | (You bought it in a shop on level 5 of the Dungeon)
 12251 | D:5      | Reached skill level 1 in Evocations
 12529 | D:5      | Found a runed translucent gate.
 12532 | D:5      | Found a runed translucent gate.
 12532 | D:5      | Found a runed translucent gate.
 12534 | D:5      | Found a runed translucent door.
 12534 | D:5      | Found a runed translucent door.
 12548 | D:5      | Found Riteohio's General Store.
 12669 | D:5      | Bought a scroll of noise for 12 gold pieces
 12669 | D:5      | Bought a potion of heal wounds for 60 gold pieces
 12669 | D:5      | Bought a scroll of identify for 24 gold pieces
 12671 | D:5      | Found Inlopeh's Antique Weapon Shop.
 12709 | D:5      | Found Zir Rimu's Weapon Emporium.
 12930 | D:5      | Reached skill level 1 in Shields
 12949 | D:5      | Noticed Grum
 12953 | D:5      | Killed Grum
 13020 | D:5      | Found the +9 staff of Olgreb {rPois∞}
 13153 | D:5      | Reached ***** piety under Trog
 13360 | D:4      | Killed Crazy Yiuf
 13765 | D:11     | Noticed a boulder beetle
 13804 | D:11     | Found Riuvyhec's Book Boutique.
 13828 | D:12     | Noticed a deep elf pyromancer
 13831 | D:12     | Killed a deep elf pyromancer
 14064 | D:12     | Noticed a cyan ugly thing
 14066 | D:12     | Noticed a seven-headed hydra
 14097 | D:12     | Killed a cyan ugly thing
 14392 | D:11     | Found Suavyfex's Antique Weapon Boutique.
 14509 | D:11     | Found Tuurgh's General Store.
 14514 | D:11     | Bought a potion of attraction for 42 gold pieces
 14630 | D:11     | Found Joddeawn's General Store.
 14635 | D:11     | Bought a scroll of summoning for 133 gold pieces
 14635 | D:11     | Bought a potion of curing for 42 gold pieces
 14635 | D:11     | Bought a potion of lignification for 42 gold pieces
 14775 | D:11     | Reached skill level 1 in Crossbows
 14776 | D:11     | Found a staircase to the Orcish Mines.
 14960 | Orc:1    | Entered Level 1 of the Orcish Mines
 15043 | Orc:1    | Reached XP level 12. HP: 112/112 MP: 11/11
 15756 | Lair:1   | Entered Level 1 of the Lair of Beasts
 16599 | Lair:1   | Noticed Sonja
 16627 | Lair:1   | Killed Sonja
 16882 | Lair:1   | Noticed a six-headed hydra
 17263 | Lair:2   | Identified the +0 leather armour "Vycaangu" {Int+3}
 17268 | Lair:2   | Noticed cayde69's ghost (journeyman DrEE)
 17270 | Lair:2   | Noticed a rakshasa
 17294 | Lair:2   | Found a one-way gate to the infinite horrors of the Abyss.
 17296 | Lair:2   | Found a transporter.
 17525 | Lair:2   | Found a transporter.
 18445 | Lair:3   | Reached XP level 13. HP: 125/125 MP: 12/12
 18931 | Lair:4   | Found a staircase to the Swamp.
 18936 | Lair:4   | Received a gift from Trog
 19042 | Lair:4   | Noticed Snorg
 19071 | Lair:4   | Killed Snorg
 19462 | Lair:4   | Found a staircase to the Snake Pit.
 19737 | Lair:5   | Reached skill level 15 in Fighting
 19884 | Lair:5   | Reached skill level 5 in Crossbows
 19884 | Lair:5   | Reached skill level 5 in Evocations
 20182 | Lair:5   | Found a runed translucent gate.
 20182 | Lair:5   | Found a runed translucent gate.
 20182 | Lair:5   | Found a runed translucent gate.
 20190 | Lair:5   | Noticed Qeimiotua's ghost (journeyman MiFi)
 20231 | Lair:5   | Reached skill level 5 in Shields
 21617 | D:12     | Noticed Psyche
 21650 | D:12     | Killed Psyche
 21860 | D:12     | Found Bishen's Weapon Shop.
 22332 | D:13     | Noticed Nessos
 22577 | Lair:6   | Entered Level 6 of the Lair of Beasts
 23060 | Lair:6   | Noticed Urug
 23225 | Lair:6   | Killed Urug
 23226 | Lair:6   | Reached skill level 10 in Armour
 23473 | Lair:6   | Found a staircase to the Slime Pits.
 23479 | Lair:6   | Reached XP level 14. HP: 135/135 MP: 13/13
 24514 | Lair:6   | Identified the +1 chain mail "Boeziz" {Contam rElec Int+9
                  | Dex+4}
 24887 | Swamp:1  | Entered Level 1 of the Swamp
 25234 | Swamp:1  | Reached skill level 10 in Crossbows
 26167 | Swamp:3  | Noticed Mara
 26453 | Snake:1  | Entered Level 1 of the Snake Pit
 26476 | Snake:1  | HP: 5/140 [shock serpent/bolt of electricity (23)]
 26477 | Snake:1  | Killed from afar by a shock serpent

Illustrated notes

Levels and vault maps discovered:
D:1:      shiori_shiawase, layout_loops_corners, st_stairs_8
D:2:      minmay_chambers_of_twos, layout_basic, serial_forest,
          infiniplex_forest_3_way, infiniplex_forest_end_2,
          infiniplex_forest_lined_2, infiniplex_forest_clump_double,
          infiniplex_forest_lined_room_2, ebering_ecumenical_altar_sacrificial
D:3:      layout_basic, nicolae_grassy_gnolls
D:4:      layout_loops_ring, uniq_duvessa, uniq_crazy_yiuf_cottage,
          uniq_blork_the_orc, uniq_ijyb, uniq_edmund
D:5:      layout_cave_pools, serial_gnoll_camp, gnoll_camp_mini_shop,
          gnoll_camp_mini_basic, grums_kennel, gnoll_camp_mini_basic,
          serial_shops, nicolae_shop_advertising_works
          [nicolae_subvault_shop_adworks], nicolae_shop_statue_plus, shop,
          kennysheep_diamond, minmay_guarded_unrand_staff_of_olgreb, uniq_pikel,
          uniq_prince_ribbit1
D:6:      layout_rooms, ebering_ghost_rock_garden
D:7:      layout_loops_ring, minmay_temple_entry_butterflies, enter_bailey_3,
          minmay_liquid_box, minmay_misc_feat_hallway, nicolae_underground_beach
D:8:      layout_cave_pools, nemelex_diamond_rough_becter
D:9:      layout_basic, due_lair_maze_entry_diamond, nrook_loot_triangle,
          grunt_ministairs_3
D:10:     layout_rooms, wad_floor_pattern_2
D:11:     layout_loops_ring, zombieorc1_lemuel, serial_shops,
          nicolae_shop_hallway_stairs, shop, shop, nicolae_shop_window_shopping,
          kennysheep_little_box
D:12:     layout_rooms, serial_shops, nicolae_diamond_shop,
          minmay_protected_statue, uniq_psyche
D:13:     layout_rooms, erik_vaults_2, uniq_nessos
Lair:1:   layout_regular_city, st_stairs_9, guppyfry_lair_drakes, uniq_sonja,
          uniq_grum
Lair:2:   layout_cave_pods, gammafunk_ghost_abyssal_escape, grunt_megastairs_3,
          infiniplex_staircase_pool
Lair:3:   layout_loops_ring, serial_bayou_pond_d, beast_lair_carwin_11,
          grunt_megastairs_2
Lair:4:   layout_hall_layers, skrybe_swamp_entry_bodies,
          minmay_snake_entry_guardpost_medium, uniq_snorg
Lair:5:   layout_gridlike, gammafunk_ghost_necromancy, lemuel_fruit_tree
Lair:6:   grunt_lair_end_beastmaster, layout_long_grid,
          minmay_slime_entry_pillars, uniq_urug
Swamp:1:  layout_basic_swamp, serial_swamp_ruin, evilmike_swamp_ruin_wall,
          evilmike_swamp_ruin_rubble_1, swamp_pool3
Swamp:2:  layout_basic_swamp, nicolae_swamp_tree_isthmus, uniq_louise
Swamp:3:  layout_falls_marsh, evilmike_swamp_ruin_house_1, swamp_pool2,
          st_swamp_ruins_1, uniq_mara
Snake:1:  layout_grid_maze, uniq_kirke
Orc:1:    layout_caves, special_room [special_room_orc]

Skill      XL: |  1  2  3  4  5  6  7  8  9 10 11 12 13 14 |
---------------+-------------------------------------------+-----
Axes           | 4 5 6 7 8 9 11 14 16 17 18 | 18.0
Fighting       | 5 8 11 14 15 17 | 17.0
Armour         | 5 6 7 10 | 10.3
Dodging        | 3 5 6 7 |  7.4
Evocations     | 2 4 6 |  6.0
Shields        | 3 4 6 7 |  7.1
Crossbows      | 1 4 8 10 | 10.0

Action                   |  1- 3 |  4- 6 |  7- 9 | 10-12 | 13-15 || total
-------------------------+-------+-------+-------+-------+-------++-------
Melee: Hand axe          |    85 |    67 |       |       |       ||   152
       Headbutt          |    14 |    21 |    48 |   137 |    89 ||   309
       War axe           |       |    67 |   277 |    70 |       ||   414
       Punch             |       |       |     7 |     6 |       ||    13
       Broad axe         |       |       |       |   711 |   376 ||  1087
       Unarmed           |       |       |       |       |     3 ||     3
 Fire: Hand crossbow     |       |       |       |    47 |   146 ||   193
Throw: Stone             |       |       |       |     2 |       ||     2
Invok: Berserk           |       |     2 |     7 |     6 |       ||    15
       Trog's Hand       |       |       |     1 |     7 |     3 ||    11
       Brothers in Arms  |       |       |     1 |     2 |     8 ||    11
Evoke: Wand              |       |       |       |       |     4 ||     4
  Use: Scroll            |       |       |     1 |     8 |    15 ||    24
       Potion            |       |       |       |       |     3 ||     3
 Stab: Distracted        |       |       |       |     2 |     1 ||     3
       Petrifying        |       |       |       |       |     1 ||     1
Armor: Leather armour    |     6 |       |       |       |       ||     6
       Ring mail         |     5 |    25 |    95 |   195 |    15 ||   335
       Plate armour      |       |       |       |       |   207 ||   207
Dodge: Dodged            |    35 |    69 |   130 |   275 |   164 ||   673
Block: Buckler           |       |       |       |    95 |   110 ||   205
